 Dungeon Crawl Stone Soup version 0.19-a0-1855-gb7442ac (webtiles) character file.

0 hurricos the Ducker (level 1, -4/9 HPs)
             Began as a Spriggan Abyssal Knight on Oct 11, 2016.
             Was a Follower of Lugonu.
             Slain by an ancient zyme (12 damage)
             ... on level 1 of the Abyss.
             The game lasted 00:02:19 (651 turns).

hurricos the Ducker (Spriggan Abyssal Knight)        Turns: 651, Time: 00:02:20

Health: -4/9       AC:  2    Str:  8      XL:     1   Next: 0%
Magic:  3/3        EV: 18    Int:  8 (11) God:    Lugonu [*.....]
Gold:   37         SH:  0    Dex: 15      Spells: 0 memorised, 0 levels left

rFire  . . .     SeeInvis +     e - +0 spear (freeze)
rCold  . . .     Gourm    .     b - +0 robe
rNeg   . . .     Faith    .     (shield restricted)
rPois  .         Spirit   .     (helmet restricted)
rElec  .         Dismiss  .     (no cloak)
rCorr  .         Reflect  .     (gloves unavailable)
MR     .....     Harm     .     (boots unavailable)
Stlth  +......... Rnd*Rage +    (no amulet)
                                (no ring)
                                (no ring)

@: very quick
A: unfitting armour, see invisible, berserk 1, dopey 1, herbivore 3, speed 3,
frail 1, slow metabolism 2
a: Depart the Abyss, Renounce Religion


You were on level 1 of the Abyss.
You worshipped Lugonu.
Lugonu was aware of your devotion.
You were not hungry.

You visited 0 branches of the dungeon, and saw 0 of its levels.
You visited the Abyss 1 time.

You collected 37 gold pieces.

Inventory:

Hand Weapons
 a - a +1 spear
 e - a +0 spear of freezing (weapon)
 f - a +1 dagger of flaming
Armour
 b - a +0 robe (worn)
Scrolls
 d - a scroll of enchant armour {unknown}
 g - a scroll of remove curse {unknown}
 h - 2 scrolls of identify {unknown}
 i - a scroll of teleportation {unknown}
Comestibles
 c - a bread ration


   Skills:
 - Level 2.4 Fighting
 - Level 1.3 Polearms
 - Level 3.5 Dodging
 - Level 1.7 Invocations


You couldn't memorise any spells.
You didn't know any spells.

Dungeon Overview and Level Annotations

Branches:
Dungeon (0/15)

Altars:


Innate Abilities, Weirdness & Mutations

You are very small and have problems with some larger weapons.
You are too small for most types of armour.
You have supernaturally acute eyesight. (SInv)
You are a herbivore.
You cover ground extremely quickly.
You need consume almost no food.
You tend to lose your temper in combat.
You are dopey. (Int -2)
You are frail. (-10% HP)


Message History

e - a runed spear Wield which item (- for none, * to show all)? (? for menu, Esc to quit)
Your +0 spear of freezing glows with a cold blue light!
e - a +0 spear of freezing (weapon)
You feel yourself growing ill in the presence of the ancient zyme.
Found 8 poisoned needles.
An ancient zyme comes into view.
A large abomination comes into view.
A bone dragon comes into view.
Found a glowing dagger.
You feel yourself growing ill in the presence of the ancient zyme.
An ancient zyme comes into view.
Unknown command.
Unknown command.
Unknown command.
You see here a glowing dagger.
f - a glowing dagger The ancient zyme hits you!
Ouch! That really hurt!
You die...

## ####. #. .
..... #.## . #
....# ...##..#
#..##... ...#
##......#....#
#.x.#.#.#...#
#@##..#...#
##......# #
####.##.#.
##..### .##
#..##.##..# #
#.##..##.. .
.## ##.# .#..#
. ### ...#. .
. # . #.##....
##.#. #.


You could see an ancient zyme.

Vanquished Creatures (others)
  6 starspawn tentacles (Abyss:1)
6 creatures vanquished.

Notes
Turn   | Place    | Note
-------+----------+-------------------------------------------
     0 | Abyss:1  | hurricos the Spriggan Abyssal Knight began the quest for the Orb.
     0 | Abyss:1  | Reached XP level 1. HP: 11/11 MP: 3/3
   156 | Abyss:1  | Noticed a neqoxec
   223 | Abyss:1  | Noticed a smoke demon
   242 | Abyss:1  | Noticed a quasit
   246 | Abyss:1  | Noticed a golden eye
   247 | Abyss:1  | Noticed a demonic crawler
   257 | Abyss:1  | Noticed a chaos spawn
   276 | Abyss:1  | Noticed a tentacled starspawn
   280 | Abyss:1  | Noticed a tormentor
   304 | Abyss:1  | Noticed a small abomination
   349 | Abyss:1  | Noticed an ancient zyme
   360 | Abyss:1  | Noticed a quasit
   393 | Abyss:1  | Noticed a tentacled starspawn
   404 | Abyss:1  | Noticed a small abomination
   439 | Abyss:1  | Noticed a neqoxec
   442 | Abyss:1  | Noticed a thrashing horror
   456 | Abyss:1  | Noticed a large abomination
   471 | Abyss:1  | Gained mutation: You tend to lose your temper in combat. [a neqoxec]
   479 | Abyss:1  | Gained mutation: You are frail. (-10% HP) [a neqoxec]
   495 | Abyss:1  | Gained mutation: You are dopey. (Int -2) [a neqoxec]
   514 | Abyss:1  | Noticed a vampire
   515 | Abyss:1  | Noticed a ynoxinul
   542 | Abyss:1  | Noticed a cacodemon
   582 | Abyss:1  | Noticed a rakshasa
   630 | Abyss:1  | Noticed an ancient zyme
   630 | Abyss:1  | Noticed a large abomination
   631 | Abyss:1  | Noticed a bone dragon
   646 | Abyss:1  | Noticed an ancient zyme
   651 | Abyss:1  | Slain by an ancient zyme

Vault maps used:

Action                   || total
-------------------------++-------
Melee: Spear             ||    24
Throw: Throwing net      ||     1
  Use: Potion            ||     1
 Stab: Invisible         ||     6
Dodge: Dodged            ||    15
